 Dungeon Crawl Stone Soup version 0.29-a0-359-g541a27f54d (webtiles) character file.

Game seed: 11195986089290075747

3222 zeratav the Archer (level 9, 0/75 HPs)
             Began as a Demigod Hunter on Apr 27, 2022.
             Slain by an unseen horror (6 damage)
             ... on level 7 of the Dungeon.
             The game lasted 00:18:32 (6870 turns).

zeratav the Archer (Demigod Hunter)                 Turns: 6870, Time: 00:18:33

Health: 0/75       AC:  7    Str: 12    XL:     9   Next: 39%
Magic:  11/11      EV: 21    Int: 11    God:
Gold:   813        SH:  0    Dex: 35    Spells: 8/8 levels left

rFire   . . .      SeeInvis .   a - +1 shortbow {bow}
rCold   + . .      Faith    .   (shield currently unavailable)
rNeg    . . .      Spirit   .   B - +1 ring mail {rC+}
rPois   .          Reflect  .   (no helmet)
rElec   .          Harm     .   k - scarf {repulsion}
rCorr   .          Rampage  .   (no gloves)
Will    .....                   E - +0 pair of boots
Stlth   ++........              (no amulet)
HPRegen 0.22/turn               v - +6 ring of dexterity
MPRegen 0.12/turn               m - +4 ring of evasion

@: about to teleport, hasted, repel missiles, very quick
A: high MP 1, forlorn, divine attributes
a: no special abilities


You were on level 7 of the Dungeon.
You visited 1 branch of the dungeon, and saw 7 of its levels.
You also visited: Bailey.

You collected 814 gold pieces.
You spent 1 gold pieces at shops.


Innate Abilities, Weirdness & Mutations

You have an increased reservoir of magic. (+10% MP)
You shall have no god before yourself.
Your divine heritage dramatically boosts your attributes as you level up.


   Skills:
 + Level 6.2 Fighting
 - Level 10.0 Bows
 + Level 6.2 Dodging
 - Level 0.8 Stealth


You had 8 spell levels left.
You didn't know any spells.
Your spell library contained the following spells:

 Spells                   Type           Power      Damage    Failure   Level
 Slow                     Hex            0%         N/A       63%         1
 Confusing Touch          Hex            0%         N/A       94%         3
 Frozen Ramparts          Ice            0%         1d2       94%         3
 Gell's Gravitas          Tloc           0%         N/A       94%         3
 Ignite Poison            Fire/Tmut/Pois 0%         N/A       94%         3
 Mephitic Cloud           Conj/Pois/Air  0%         N/A       94%         3
 Teleport Other           Tloc           0%         N/A       94%         3
 Vampiric Draining        Necr           0%         2d6       94%         3
 Hailstorm                Conj/Ice       0%         3d3       100%        4
 Ice Form                 Ice/Tmut       0%         N/A       100%        4
 Summon Ice Beast         Ice/Summ       0%         N/A       100%        4
 Freezing Cloud           Conj/Ice/Air   0%         6-21      100%        5
 Yara's Violent Unravell  Hex/Tmut       0%         3d3       100%        5
 Dispersal                Tloc           0%         N/A       100%        6
 Simulacrum               Ice/Necr       0%         N/A       100%        6
 Enfeeble                 Hex            0%         N/A       100%        7

Inventory:

Hand Weapons
 a - a +1 shortbow (weapon) {bow}
 y - a -2 longbow {bow}
   (You bought it in a shop on level 6 of the Dungeon)
 I - the +9 quarterstaff "Otzin" {antimagic, +Blink, staff}
   (You found it in a bailey)

   It reduces the magical energy of the wielder, and disrupts the spells and
   magical abilities of those it strikes.
   Natural abilities and divine invocations are not affected.
   +Blink:    It lets you blink.
Missiles
 s - 9 datura-tipped darts {throwing}
 t - 2 curare-tipped darts {=fthrowing}
Armour
 b - a +0 robe
   (You found it on level 7 of the Dungeon)
 g - a +0 cloak
   (You found it on level 1 of the Dungeon)
 k - a scarf of repulsion (worn)
   (You found it on level 1 of the Dungeon)
 B - a +1 ring mail of cold resistance (worn)
   (You found it in a bailey)
 E - a +0 pair of boots (worn)
   (You found it on level 3 of the Dungeon)
 L - a +0 buckler
   (You took it off a gnoll sergeant on level 5 of the Dungeon)
Jewellery
 i - a ring of resist corrosion
   (You found it on level 1 of the Dungeon)
 m - a +4 ring of evasion (right hand)
   (You found it on level 1 of the Dungeon)
 n - a ring of wizardry
   (You found it on level 1 of the Dungeon)
 v - a +6 ring of dexterity (left hand)
   (You found it on level 4 of the Dungeon)
Wands
 p - a wand of polymorph (17)
   (You found it on level 4 of the Dungeon)
 u - a wand of digging (6)
   (You found it on level 7 of the Dungeon)
Scrolls
 c - a scroll of immolation {!r!r}
 d - 2 scrolls of vulnerability {!r!r}
 f - a scroll of fog
 j - 3 scrolls of magic mapping {!r}
 l - a scroll of silence {!r}
 o - 2 scrolls of amnesia
 x - 4 scrolls of teleportation {@r4}
 J - a scroll of fear
 K - a scroll of blinking {unknown}
Potions
 e - a potion of lignification {unknown}
 h - 3 potions of resistance
 q - a potion of attraction {!q}
 r - 5 potions of brilliance
 w - 2 potions of might {unknown}
 z - 2 potions of heal wounds {unknown}
 A - 3 potions of haste {@q3}
 C - a potion of mutation {unknown}
 D - 2 potions of invisibility
 F - a potion of berserk rage {unknown}
 H - a potion of cancellation {unknown}

Dungeon Overview and Level Annotations

Branches:
Dungeon (7/15)             Temple (0/1) D:4          Bailey (visited)

Shops:
D:4 [ D:6

* #..............##########.#
##.###...#####......... .# #.#
##..# #.######## .# #.# ##.# #.#
## #.# #.# #.# #.# #.# #.# # #.#
##.## #.#########.## ####.#
##...####............. ..##.#
#..#.@....<.#######.## #.##.#
#....####...(......... #.##.#
#.#.## #....≈≈≈≈≈..## #.##.#
#.#.# #...(≈...≈.... #.##.#
#.#.#####....(>∩.≈..## #.##.#
#.#.##.......≈...≈..## ##
#.##.###.#..........≈≈≈≈≈..## .##
#.##..........###..........##
..###..................#.#.#.####


There were no monsters in sight!


Message History

You feel sick.
You feel sick.
You are no longer poisoned.
You see here a scorpion corpse.
Found a stone staircase leading up.
HP[+4]
Your hp is fully restored (75).
u - a wand of digging (6)
x - 5 scrolls of teleportation {@r4} (gained 1)
A black bear comes into view.
You shoot an arrow. The arrow hits the black bear!
The black bear growls angrily.
You shoot an arrow.
The arrow hits the black bear but does no damage.
The black bear closely misses you. x2; The black bear barely misses you.
You shoot an arrow.
The arrow hits the black bear but does no damage.
The black bear bites you but does no damage.
The black bear barely misses you.
The black bear claws you but does no damage.
The black bear barely misses you. The black bear closely misses you.
The black bear misses you.
You shoot an arrow. The arrow hits the black bear!
You kill the black bear!
Found a stone staircase leading down.
There is a stone staircase leading down here.
There is a stone staircase leading down here.
A white imp comes into view.
You shoot an arrow. The arrow hits the white imp.
The white imp gestures at you.
The puff of frost is repelled.
You shoot an arrow. The arrow hits the white imp.
You shoot an arrow. The arrow hits the white imp.
You kill the white imp!
No target in view!
Found a stone staircase leading down.
Something hits you.
Deactivating autopickup; reactivate with Ctrl-A.
There is a stone staircase leading down here.
HP[-1]
You take 1 damage, and now have 74/75 hp.
Something hits you.
HP[-1]
You take 1 damage, and now have 73/75 hp.
Something hits you but does no damage. Something hits you.
HP[-4]
You take 4 damage, and now have 69/75 hp.
Something hits you.
HP[-5]
You take 5 damage, and now have 64/75 hp.
Something hits you! Something barely misses you. Something hits you!
HP[-16]
You take 16 damage, and now have 48/75 hp.
MASSIVE DAMAGE!! (PAUSE)
Something hits you but does no damage. Something misses you.
Something barely misses you. Something completely misses you.
Something hits you but does no damage.
HP[+1]
Something hits you! Something hits you.
* * * LOW HITPOINT WARNING * * *
Something hits you.
* * * LOW HITPOINT WARNING * * *
HP[-19]
You take 19 damage, and now have 30/75 hp.
MASSIVE DAMAGE!! (PAUSE)
Something hits you.
* * * LOW HITPOINT WARNING * * *
Something closely misses you.
HP[-5]
You take 5 damage, and now have 25/75 hp.
Shoot: a) +1 shortbow {bow}
Press: ? - help, Q - select action, (/) - cycle Shift-Dir - straight line
Okay, then.
You feel yourself speed up. Something hits you!
* * * LOW HITPOINT WARNING * * *
Something hits you.
* * * LOW HITPOINT WARNING * * *
HP[-13]
You take 13 damage, and now have 12/75 hp.
Something hits you.
* * * LOW HITPOINT WARNING * * *
HP[-6]
You take 6 damage, and now have 6/75 hp.
Something hits you.
* * * LOW HITPOINT WARNING * * *
Something hits you but does no damage.
As you read the scroll of teleportation {@r4}, it crumbles to dust.
You feel strangely unstable. Something barely misses you.
Shoot: a) +1 shortbow {bow}
Press: ? - help, Q - select action, (/) - cycle Shift-Dir - straight line You shoot an arrow.
Something hits you but does no damage.
Shoot: a) +1 shortbow {bow}
Press: ? - help, Q - select action, (/) - cycle Shift-Dir - straight line You shoot an arrow.
Something hits you.
You die...

Skill      XL: |  1  2  3  4  5  6  7  8  9 |
---------------+----------------------------+-----
Bows           | 4 6 7 8 10 | 10.0
Fighting       | 3 4 6 |  6.2
Dodging        | 3 4 6 |  6.2
Stealth        | |  0.8

Action                   |  1- 3 |  4- 6 |  7- 9 || total
-------------------------+-------+-------+-------++-------
 Fire: Shortbow          |   140 |    51 |   291 ||   482
       Longbow           |       |       |     2 ||     2
  Use: Scroll            |       |       |    14 ||    14
       Potion            |       |       |     2 ||     2
Armor: Leather armour    |    15 |    12 |    12 ||    39
       Ring mail         |       |       |    11 ||    11
Dodge: Dodged            |    38 |    33 |   156 ||   227
       Repelled          |       |       |     3 ||     3

Levels and vault maps discovered:
D:1:      lemuel_arrival_lava_pool, layout_rooms, basic_ecumenical_altar,
          serial_bayou_ford_a, dreamdust_princess_corridor
D:2:      wad_pebble_path, layout_basic, dk_noncrumbling_2,
          minmay_rat_gold_closets
D:3:      layout_basic
D:4:      layout_basic, lemuel_doored_altar, nicolae_ashenzari_skybound,
          temple_statues, serial_shops, shop_statue, uniq_grinder
D:5:      layout_basic, uniq_prince_ribbit1
D:6:      layout_loops_ring, grunt_temple_overflow_open, minmay_misc_feat_rows,
          minmay_shop_damaged
D:7:      layout_loops_ring, mainiacjoe_overflow_alcove_2, enter_bailey_5

Notes
Turn   | Place    | Note
-------+----------+-------------------------------------------
     0 | D:1      | zeratav the Demigod Hunter began the quest for the Orb.
     0 | D:1      | Reached XP level 1. HP: 17/17 MP: 3/3
     0 | D:1      | magus.rc [v1.9.6]
    10 | D:1      | You pick up a book of Rime and begin reading...
    10 | D:1      | You add the spells Frozen Ramparts, Ice Form and Summon Ice
                  | Beast to your library.
   346 | D:1      | Reached skill level 4 in Bows
   442 | D:1      | Reached XP level 2. HP: 24/24 MP: 4/4
  1222 | D:2      | Reached XP level 3. HP: 29/29 MP: 5/5
  1365 | D:2      | You add the spells Ignite Poison, Mephitic Cloud and
                  | Freezing Cloud to your library.
  1823 | D:3      | You pick up a book of Misfortune and begin reading...
  1823 | D:3      | You add the spells Confusing Touch, Yara's Violent
                  | Unravelling and Enfeeble to your library.
  1840 | D:3      | You add the spells Gell's Gravitas, Teleport Other and
                  | Dispersal to your library.
  2144 | D:4      | Found a staircase to the Ecumenical Temple.
  2166 | D:4      | Noticed Grinder
  2176 | D:4      | Reached skill level 5 in Bows
  2180 | D:4      | HP: 7/29 [Grinder/nerve-wracking pain (9)]
  2181 | D:4      | Killed Grinder
  2182 | D:4      | Reached skill level 6 in Bows
  2182 | D:4      | Reached XP level 4. HP: 9/36 MP: 6/6
  2182 | D:4      | Reached XP level 5. HP: 11/41 MP: 7/7
  2703 | D:4      | Found Pizem's Antique Armour Shoppe.
  2718 | D:4      | Reached skill level 7 in Bows
  2718 | D:4      | Reached XP level 6. HP: 47/48 MP: 8/8
  3052 | D:5      | Entered Level 5 of the Dungeon
  3060 | D:5      | HP: 12/48 [orc priest/divine providence (12)]
  3292 | D:5      | Noticed Prince Ribbit
  3430 | D:5      | Killed Prince Ribbit
  3431 | D:5      | Reached skill level 8 in Bows
  3431 | D:5      | Reached XP level 7. HP: 53/53 MP: 9/9
  3723 | D:5      | Reached skill level 9 in Bows
  4065 | D:5      | You pick up a book of Debilitation and begin reading...
  4065 | D:5      | You add the spells Slow and Vampiric Draining to your
                  | library.
  4199 | D:5      | You pick up a book of the Tundra and begin reading...
  4199 | D:5      | You add the spells Hailstorm and Simulacrum to your
                  | library.
  4391 | D:5      | Noticed a two-headed ogre
  4408 | D:5      | Killed a two-headed ogre
  4409 | D:5      | Reached skill level 10 in Bows
  4409 | D:5      | Reached skill level 3 in Fighting
  4409 | D:5      | Reached skill level 3 in Dodging
  4409 | D:5      | Reached XP level 8. HP: 63/63 MP: 10/10
  4506 | D:6      | Noticed a seven-headed hydra
  4612 | D:6      | Found Xynuil's Lightly-Used Armoury.
  4622 | D:6      | Bought a -2 longbow for 1 gold piece
  5092 | D:6      | Reached skill level 4 in Fighting
  5095 | D:6      | Reached skill level 4 in Dodging
  5506 | D:7      | Found a flagged portal.
  5521 | Bailey   | Entered a bailey
  5760 | Bailey   | Identified the +9 quarterstaff "Otzin" {antimagic, +Blink}
  5784 | Bailey   | Reached XP level 9. HP: 68/73 MP: 11/11
  5786 | Bailey   | Reached skill level 5 in Fighting
  5786 | Bailey   | Reached skill level 5 in Dodging
  6253 | D:7      | Reached skill level 6 in Fighting
  6253 | D:7      | Reached skill level 6 in Dodging
  6861 | D:7      | HP: 17/75 [something (9)]
  6863 | D:7      | HP: 6/75 [something (6)]
  6870 | D:7      | Slain by an unseen horror

Vanquished Creatures
  A two-headed ogre (D:5)
  Prince Ribbit (D:5)
  Grinder (D:4)
  A wyvern (D:7)
  4 orc warriors (Bailey)
  An ice beast (D:7)
  A black bear (D:7)
  7 kobold brigands
  A necrophage (D:5)
  A bullfrog (D:7)
  3 scorpions
  A gnoll sergeant (D:5)
  A howler monkey (D:4)
  3 hounds
  3 jellies
  4 orc priests
  A gnoll shaman (D:6)
  An iguana (D:5)
  3 orc wizards
  9 gnolls
  8 adders
  2 white imps (D:7)
  2 ufetubi (D:6)
  2 worms
  2 dart slugs
  11 orcs
  4 ball pythons
  5 bats
  4 endoplasms
  A giant cockroach (D:4)
  5 goblins
  4 hobgoblins
  7 jackals
  4 quokkas
  4 frilled lizards
  14 kobolds
  11 rats
138 creatures vanquished.

Vanquished Creatures (others)
  3 plants (D:1)
3 creatures vanquished.

Grand Total: 141 creatures vanquished

Table legend:
 A = Non-vault XP
 B = Vault XP
 C = Vault XP percentage of total XP
 D = Non-vault monster count
 E = Vault monster count
 F = Vault count percentage of total count
                 A         B        C        D         E       F
            +---------+---------+-------+---------+---------+-------
      Total |    2930 |    1674 |  36.4 |     105 |      33 |  23.9
            +---------+---------+-------+---------+---------+-------
        D:1 |      23 |       0 |   0.0 |      14 |       0 |   0.0
        D:2 |      29 |       7 |  19.4 |      14 |       7 |  33.3
        D:3 |      16 |       0 |   0.0 |       8 |       0 |   0.0
        D:4 |     221 |     262 |  54.2 |      12 |       1 |   7.7
        D:5 |    1469 |     283 |  16.2 |      30 |       1 |   3.2
        D:6 |     484 |       0 |   0.0 |      19 |       0 |   0.0
        D:7 |     688 |       8 |   1.1 |       8 |       4 |  33.3
     Bailey |       0 |    1114 | 100.0 |       0 |      20 | 100.0
            +---------+---------+-------+---------+---------+-------

Illustrated notes

Table legend:
 A = Kills in this place as a percentage of kills in entire the game.
 B = Kills by you in this place as a percentage of kills by you in the entire game.
 C = Kills by friends in this place as a percentage of kills by friends in the entire game.
 D = Other kills in this place as a percentage of other kills in the entire game.
 E = Experience gained in this place as a percentage of experience gained in the entire game.
 F = Experience gained in this place divided by the number of levels of this place that you have seen.
                   A       B       C       D       E      F
               +-------+-------+-------+-------+-------+----------------------
         Total | 100.0 | 100.0 |   N/A |   N/A | 100.0 | 575.5
       Dungeon |  85.5 |  85.5 |   N/A |   N/A |  75.8 | 498.6
        Bailey |  14.5 |  14.5 |   N/A |   N/A |  24.2 | 1114.0
               +-------+-------+-------+-------+-------+----------------------

Table legend: (Time is in decaauts)
 A = Elapsed time spent in this place.
 B = Non-inter-level travel time spent in this place.
 C = Inter-level travel time spent in this place.
 D = Time resting spent in this place.
 E = Time spent auto-exploring this place.
 F = Levels seen in this place.
 G = Mean time per level.
                   A        B        C        D        E       F      G
               +--------+--------+--------+--------+--------+-----+--------+
         Total |   6961 |   6697 |    264 |   1269 |   3772 |   8 |  870.1 |
       Dungeon |   6370 |   6106 |    264 |    941 |   3772 |   7 |  910.0 |
        Bailey |    590 |    590 |      0 |    328 |      0 |   1 |  590.0 |
               +--------+--------+--------+--------+--------+-----+--------+

Top non-repeatable levels by time:
     D:4: 1280 daAuts
     D:5: 1243 daAuts
     D:6: 876 daAuts
     D:1: 829 daAuts
     D:7: 788 daAuts
     D:2: 773 daAuts
  Bailey: 590 daAuts
     D:3: 579 daAuts
